 Dungeon Crawl Stone Soup version 0.22-a0-305-gd21a89c (webtiles) character file.

702186 xccam the Shatterer (level 27, -19/212 HPs)
             Began as a Formicid Fighter on Mar 30, 2018.
             Was a High Priest of Cheibriados.
             Killed from afar by a hellion (26 damage)
             ... with damnation
             ... in Pandemonium.
             The game lasted 03:41:13 (60257 turns).

xccam the Shatterer (Formicid Fighter)             Turns: 60257, Time: 03:41:14

Health: -19/212    AC: 29    Str: 40    XL:     27
Magic:  3/42       EV: 28    Int: 27    God:    Cheibriados [*****.]
Gold:   6022       SH: 28    Dex: 24    Spells: 26/26 levels left

rFire    + + +     SeeInvis +   b - +8 great mace (flame)
rCold    + . .     Gourm    .   w - +3 large shield {reflect}
rNeg     + + .     Faith    .   c - +3 plate armour {rN+}
rPois    .         Spirit   .   (helmet unavailable)
rElec    .         Reflect  +   h - scarf {rC+ rF+}
rCorr    +         Harm     .   (no gloves)
MR       +++..                  L - +1 pair of boots
Stlth    ..........             u - amulet of Pantheism {rN+ Regen+ Str+2 SInv}
HPRegen  0.85/turn              M - ring of resist corrosion
MPRegen  0.28/turn              Z - ring of Simemm {rF+ MR+ MP+9 Int+6}

@: very slow
A: permanent stasis, dig shafts and tunnels, four strong arms, antennae 3,
iridescent scales 1, slimy green scales 1, camouflage 1, fire resistance 1,
frail 1, low mp 1, sense surroundings 1, screaming 1, weak 1, no potion heal 2,
subdued magic 1, MP-powered wands
}: 6/15 runes: barnacled, slimy, silver, abyssal, glowing, gossamer
a: Dig, Shaft Self, Bend Time, Temporal Distortion, Slouch, Step From Time,
Renounce Religion


You were in Pandemonium.
You worshipped Cheibriados.
Cheibriados was extremely pleased with you.
You were hungry.

You visited 9 branches of the dungeon, and saw 45 of its levels.
You visited Pandemonium 1 time, and saw 10 of its levels.
You visited the Abyss 1 time.
You also visited: Sewer and Wizlab.

You collected 7058 gold pieces.
You spent 1036 gold pieces at shops.

Inventory:

Hand Weapons
 b - a +8 great mace of flaming (weapon)
Armour
 c - a +3 plate armour of positive energy (worn)
 h - a scarf of resistance (worn)
 j - the +3 pair of gloves "Piseepa" {+Fly rElec rC- rN+}
   (You acquired it on level 5 of the Vaults)

   It makes you vulnerable to cold.
   It insulates you from electricity.
   It protects you from negative energy.
   It lets you fly.
 q - a +2 plate armour of cold resistance
 w - a +3 large shield of reflection (worn)
 H - the +6 plate armour "Desm" {+Fly Str+2 Int+2}
   (You found it on level 1 of the Depths)

   It affects your strength (+2).
   It affects your intelligence (+2).
   It lets you fly.
 L - a +1 pair of boots (worn)
 T - a scarf of repulsion
Jewellery
 k - the ring of Oburitod {*Slow rF- rN+++ AC+2 Stlth+}
   (You took it off a frost giant on level 4 of the Vaults)

   [ring of protection]

   It affects your AC (+2).
   It makes you vulnerable to fire.
   It renders you almost immune to negative energy.
   It may slow you when you take damage.
   It makes you more stealthy.
 m - an uncursed ring of positive energy
 o - an uncursed ring of protection from cold {unknown}
 u - the amulet of Pantheism (around neck) {rN+ Regen+ Str+2 SInv}
   (You acquired it on level 3 of the Depths)

   [amulet of regeneration]

   It affects your strength (+2).
   It protects you from negative energy.
   It lets you see invisible.
   It increases your rate of regeneration.
 E - the amulet of Vitality {Regen+ HP+15}
   (You found it on level 5 of the Pits of Slime)

   [amulet of regeneration]

   It affects your health (+15).
   It increases your rate of regeneration.
 M - a ring of resist corrosion (left hand)
 O - the amulet of Sokharph {RegenMP rF+ MR+ Dex+5}
   (You found it on level 3 of the Shoals)

   [amulet of magic regeneration]

   It increases your magic regeneration.
   It affects your dexterity (+5).
   It protects you from fire.
   It affects your resistance to hostile enchantments.
 P - an uncursed ring of protection from fire
 Q - an uncursed ring of positive energy
 W - a +2 amulet of reflection
 X - the ring of Wiloy {Wiz Slay+2 Stlth+}
   (You acquired it on level 2 of the Vaults)

   [ring of wizardry]

   It improves your spell success rate.
   It affects your accuracy and damage with ranged weapons and melee attacks
   (+2).
   It makes you more stealthy.
 Z - the ring of Simemm (right hand) {rF+ MR+ MP+9 Int+6}
   (You found it on level 3 of the Abyss)

   [ring of magical power]

   It affects your intelligence (+6).
   It protects you from fire.
   It affects your resistance to hostile enchantments.
   It affects your magic capacity (+9).
Wands
 a - a wand of paralysis (15)
 n - a wand of iceblast (33)
 G - a wand of acid (22)
 V - a wand of disintegration (17)
Scrolls
 e - 24 scrolls of remove curse
 p - 9 scrolls of magic mapping
 r - 4 scrolls of identify
 s - 16 scrolls of amnesia
 t - 8 scrolls of enchant armour
 v - 5 scrolls of fear
 A - 9 scrolls of fog
 N - a scroll of summoning
Potions
 d - 2 potions of resistance
 g - 6 potions of cancellation
 x - 13 potions of curing
 z - 11 potions of flight
 C - a potion of mutation
 D - a potion of invisibility
 F - 4 potions of might
 J - 5 potions of agility
Comestibles
 f - 65 rations
 l - 5 chunks of flesh


   Skills:
 + Level 23.4 Fighting
 + Level 24.5 Maces & Flails
 + Level 21.6 Armour
 + Level 21.3 Dodging
 + Level 16.6 Shields
 - Level 21.0 Invocations


You had 26 spell levels left.
You didn't know any spells.

Dungeon Overview and Level Annotations

Branches:
Dungeon (15/15)            Temple (1/1) D:4            Lair (6/6) D:11
 Shoals (4/4) Lair:4       Spider (4/4) Lair:2        Slime (5/5) Lair:5
    Orc (2/2) D:9             Elf (0/3) Orc:2        Vaults (5/5) D:13
  Crypt (0/3) Vaults:2     Depths (3/5) D:15

Altars:
Ashenzari
Cheibriados
Dithmenos
Elyvilon
Fedhas
Gozag
Kikubaaqudgha
Nemelex Xobeh
Okawaru
Ru
Sif Muna
Trog
Uskayaw
Vehumet
Beogh

Shops:
D:5 *   D:9 [   D:10 =   D:14 %   Orc:2 =:*?   Vaults:2 [   Vaults:3 !
Depths:1 =}}

Portals:
Hell: Depths:1 Depths:2 Depths:3
Abyss: Depths:3
Pandemonium: Depths:2 Depths:3
Ziggurat: Depths:3


Innate Abilities, Weirdness & Mutations

You cannot be hasted, slowed, berserked, paralysed or teleported.
You can dig through walls and to a lower floor.
Your four strong arms can wield two-handed weapons with a shield.
You have a pair of large antennae on your head. (SInv)
You are partially covered in iridescent scales. (AC +2)
You are partially covered in slimy green scales. (AC +2)
Your skin changes colour to match your surroundings (Stealth+).
Your flesh is heat resistant. (rF+)
You are frail. (-10% HP)
Your magical capacity is low. (-10% MP)
You passively map a small area around you.
You occasionally shout uncontrollably at your foes.
You are weak. (Str -2)
Potions are poor at restoring your health.
Your spells are a little easier to cast, but a little less powerful.
You expend magic power (3 MP) to strengthen your wands.


Message History

The Hell Sentinel is heavily wounded.
Unknown command.
You hit the Hell Sentinel.
The Hell Sentinel is heavily wounded.
The Hell Sentinel completely misses you.
You block the Hell Sentinel's attack.
Unknown command.
You pound the Hell Sentinel like an anvil!!!
The Hell Sentinel is almost dead.
You hear a shout!
You block the Hell Sentinel's attack. x2
Unknown command.
You are struck by the Hell Sentinel's spines.
* * * LOW HITPOINT WARNING * * *
You crush the Hell Sentinel like a grape!!!
You kill the Hell Sentinel!
Cheibriados appreciates the change of pace.
The hellion gestures at you.
The sphere of damnation explodes!
The damnation engulfs you!
You die...

, ,, , , , * , , ,### , ,
+ + , , ##.## , ,, , ,
##...## * ,# , * ,
##.....## , , .# ,*
#.......# * , .. #*
##+###'###'#########'#.2.
#.......#......@#......#*
##.....##......#.)2....#
* #.....+.......'.......#
*
,##...##(.....##.........
,+...#.......#......##.#
, ##.##......##......'. .
*#.#.......#......##.., ,
, ################## ...
, ..


You could see a hellion.

Vanquished Creatures
  the Royal Jelly (Slime:5)
  Mnoleg (Pan)
  Mara (Vaults:2)
  The ghost of Fingolfin the Axe Maniac, a legendary NaWn of Gozag (Pan)
  4 ancient liches
  3 pandemonium lords (Pan)
  Margery (Vaults:2)
  Saint Roka (Vaults:4)
  4 golden dragons
  5 bone dragons
  Arachne (Spider:2)
  7 liches
  2 hellephants
  Asterion (Vaults:1)
  4 tentacled monstrosities
  6 Hell Sentinels
  5 titans
  2 quicksilver dragons
  Polyphemus (Shoals:2)
  7 Executioners
  2 deep elf blademasters (Abyss:4)
  28 tentacled starspawn
  25 acid blobs
  A kraken (Shoals:1)
  2 ancient champions (WizLab)
  5 sphinxes
  Gastronok (Lair:1)
  Frances (D:12)
  2 storm dragons
  Kirke (Lair:5)
  Agnes (D:14)
  2 thorn hunters (Abyss:4)
  4 shadow dragons
  Donald (Spider:1)
  4 fire giants
  4 tengu reavers
  3 frost giants
  3 warmongers (Pan)
  Ilsuiw (Shoals:4)
  15 azure jellies
  A daeva (Abyss:3)
  12 vault wardens
  3 corrupters (Pan)
  3 deep elf sorcerers
  22 cacodemons
  4 emperor scorpions
  6 ghost moths
  3 black suns (Pan)
  A draconian shifter (Abyss:3)
  9 balrugs
  An angel (Abyss:5)
  A deep elf elementalist (Abyss:3)
  9 ironheart preservers
  4 reapers
  A spriggan defender (Depths:2)
  2 war gargoyles (Vaults:4)
  An ophan (Abyss:4)
  21 very ugly things
  4 blood saints (Pan)
  9 stone giants
  5 entropy weavers
  A deep elf demonologist (Abyss:4)
  A green draconian (Abyss:4)
  A vampire knight (Depths:2)
  10 dire elephants
  A spark wasp (Spider:4)
  2 deep elf annihilators
  4 lorocyprocas
  A crystal guardian (Vaults:5)
  5 merfolk javelineers
  3 deep elf death magi
  2 green deaths (Pan)
  11 ettins
  8 death oozes
  4 blizzard demons
  The ghost of Sergey the Grappler, a journeyman VSIE of Gozag (Shoals:4)
  47 small abominations
  4 merfolk impalers
  4 fire dragons
  2 jiangshi (Depths:2)
  15 great orbs of eyes
  8 yaktaur captains
  Fannar (D:12)
  Erolcha (D:9)
  A naga warrior (Abyss:4)
  2 hell beasts (Pan)
  5 deep elf high priests
  15 rakshasas
  10 hydras
  4 monstrous demonspawn (Pan)
  27 vault guards
  2 spriggan air magi (Depths:2)
  A catoblepas (Shoals:2)
  5 ice dragons
  4 merfolk avatars
  4 merfolk aquamancers
  An anaconda (Lair:6)
  32 two-headed ogres
  7 deep troll shamans
  2 death knights
  A two-headed ogre (shapeshifter) (Vaults:4)
  14 hell hogs
  A satyr (Abyss:4)
  10 ogre magi
  11 centaur warriors
  2 deep troll earth magi
  5 tengu warriors
  34 thrashing horrors
  3 death yaks (Shoals:2)
  2 vampire magi
  11 sun demons
  24 wretched stars
  12 soul eaters
  Nergalle (Lair:1)
  7 deep elf knights
  15 deep trolls
  3 shadow wraiths
  13 spatial maelstroms
  4 flayed ghosts
  13 hell knights
  26 sixfirhies
  10 glowing orange brains
  6 iron trolls
  3 shadow demons (Pan)
  A quicksilver dragon simulacrum (Abyss:4)
  3 gelid demonspawn (Pan)
  11 sea snakes
  23 skeletal warriors
  5 infernal demonspawn (Pan)
  2 torturous demonspawn (Pan)
  8 unseen horrors
  7 phantasmal warriors
  4 deep elf archers
  Pikel (D:5)
  4 wizards
  A wolf spider zombie (D:13)
  2 necromancers (Vaults:2)
  10 ironbrand convokers
  16 orb spiders
  23 wolf spiders
  An oklob plant (Lair:6)
  A lindwurm (shapeshifter) (Abyss:4)
  9 orc knights
  A wolf spider (shapeshifter) (Abyss:4)
  32 harpies
  A frost giant zombie (Abyss:4)
  42 ugly things
  4 orc sorcerers
  14 deep elf magi
  12 manticores
  3 moths of wrath
  8 fauns (Shoals:2)
  10 shining eyes
  8 human skeletons (Vaults:2)
  16 worldbinders
  10 cyclopes
  2 moths of wrath (shapeshifter)
  3 rust devils
  14 elephants
  6 black mambas
  A guardian serpent (Abyss:4)
  A guardian serpent (shapeshifter) (Abyss:3)
  An iron dragon skeleton (Abyss:4)
  11 vault sentinels
  A titan simulacrum (Abyss:4)
  8 water nymphs
  15 merfolk sirens
  42 smoke demons
  7 apocalypse crabs
  9 eyes of devastation
  A gargoyle (D:14)
  A torpor snail (Spider:2)
  A spiny frog (shapeshifter) (Depths:3)
  2 rime drakes
  12 spiny frogs
  5 kobold demonologists
  3 efreet
  25 orange demons
  A yaktaur (shapeshifter) (Abyss:5)
  An ice devil (Abyss:4)
  30 yaktaurs
  6 komodo dragons
  15 hellwings
  5 tormentors
  11 freezing wraiths
  33 ancient zymes
  13 demonic crawlers
  4 tengu conjurers
  6 trolls
  3 meliai (Spider:2)
  2 silent spectres (Abyss:4)
  A meliai (shapeshifter) (D:13)
  5 red devils
  27 jumping spiders
  15 wind drakes
  A polar bear (Lair:2)
  A hornet (shapeshifter) (Vaults:1)
  A queen bee (shapeshifter) (Vaults:2)
  10 hornets
  30 merfolk
  49 raiju
  6 snapping turtles
  2 tengu simulacra
  15 hippogriffs
  Grinder (D:3)
  123 slime creatures
  15 blink frogs
  6 dream sheep (Shoals:1)
  Sigmund (D:3)
  87 large abominations
  98 starcursed masses
  82 redbacks
  11 air elementals (Depths:1)
  7 wraiths
  An alligator skeleton (Abyss:3)
  A dire elephant simulacrum (Abyss:3)
  33 tarantellas
  17 water elementals
  2 flying skulls (Abyss:3)
  A shadow (Abyss:4)
  36 yaks
  7 wyverns
  29 ynoxinuls
  14 fire bats
  4 vampires
  16 humans (D:13)
  A steam dragon (D:11)
  2 yaks (shapeshifter)
  5 fire elementals
  2 hogs (Lair:5)
  2 hungry ghosts
  2 human simulacra
  27 golden eyes
  18 chaos spawn
  A basilisk (D:15)
  A golden eye (shapeshifter) (Vaults:4)
  37 neqoxecs
  18 spatial vortices
  3 vampire mosquitoes (D:12)
  6 wargs
  A soldier ant (D:12)
  2 swamp worms (shapeshifter)
  3 two-headed ogre zombies (WizLab)
  18 insubstantial wisps
  A naga (Abyss:4)
  Edmund (D:5)
  3 acid dragons
  A floating eye (shapeshifter) (Vaults:1)
  2 hell hounds
  Duvessa (D:5)
  13 water moccasins
  5 sky beasts
  A floating eye (Abyss:3)
  9 porcupines
  2 ice beasts
  A slave (D:5)
  2 eyes of draining (shapeshifter) (Vaults:4)
  33 ogres
  42 orc warriors
  11 boggarts
  8 eyes of draining
  An ice beast (shapeshifter) (Depths:2)
  13 crocodiles
  17 centaurs
  12 wolves
  An orc skeleton (Vaults:2)
  A gnoll sergeant (D:10)
  10 bullfrogs
  6 big kobolds
  An ogre simulacrum (Vaults:1)
  An earth elemental (Abyss:4)
  Dowan (D:5)
  4 scorpions
  6 troll zombies (WizLab)
  A water moccasin skeleton (D:12)
  11 killer bees
  17 wights
  4 electric eels (Lair:6)
  3 vampire bats (Abyss:3)
  8 howler monkeys
  7 crimson imps
  4 bullfrog zombies
  4 quasits
  2 bullfrog skeletons
  4 centaur zombies
  4 centaur skeletons
  6 hounds
  25 orc priests
  2 jellies
  2 gnoll shamans
  25 orc wizards
  5 iron imps
  3 iguanas
  Ijyb (D:5)
  Terence (D:3)
  An iguana (shapeshifter) (Abyss:4)
  16 worker ants
  9 ogre zombies (WizLab)
  A hound zombie (D:5)
  2 worker ant zombies
  23 gnolls
  2 river rats (Sewer)
  18 adders
  6 shadow imps
  4 white imps
  2 ufetubi (Abyss:3)
  2 oozes
  2 adder zombies (D:4)
  An adder skeleton (D:9)
  A worm (Sewer)
  3 dart slugs
  10 leopard geckos
  117 orcs
  12 giant cockroaches
  6 hobgoblins
  5 jackals (D:4)
  20 kobolds
  4 quokkas
  7 ball pythons
  A ball python skeleton (D:5)
  10 bats
  4 frilled lizards
  7 goblins
  A jackal zombie (D:7)
  A leopard gecko skeleton (D:4)
  A leopard gecko zombie (D:5)
  A quokka zombie (D:9)
  4 rats
  A butterfly (Abyss:3)
  3 crawling corpses (Vaults:4)
  A fungus (Depths:1)
  A lurking horror (Abyss:4)
  5 plants
  23 starspawn tentacles
  2 tentacles (Shoals:1)
2963 creatures vanquished.

Vanquished Creatures (others)
  An eldritch tentacle (Pan)
  A tentacled starspawn (Abyss:4)
  2 vault wardens (Vaults:5)
  3 stone giants
  A deep elf demonologist (Vaults:1)
  2 merfolk javelineers (Shoals:4)
  3 yaktaur captains
  A deep elf high priest (Vaults:5)
  3 centaur warriors
  3 satyrs
  Sonja (Lair:2)
  A sixfirhy (Pan)
  An ironbrand convoker (Vaults:2)
  2 deep elf archers
  2 harpies
  A wolf spider (Spider:1)
  2 fauns (Shoals:2)
  2 manticores
  A torpor snail (Spider:3)
  3 orange demons
  A rime drake (shapeshifter) (Depths:2)
  14 yaktaurs
  A large abomination (Abyss:3)
  A human (Lair:5)
  A water elemental (Shoals:2)
  A water moccasin (Lair:5)
  2 small abominations
  3 slaves (D:5)
  5 orc warriors (Orc:2)
  An ogre (Vaults:2)
  8 centaurs
  2 boggarts (Depths:2)
  A bullfrog (D:12)
  A wight (Abyss:2)
  A jelly (Abyss:4)
  A howler monkey skeleton (D:5)
  A gnoll (D:5)
  An adder (D:5)
  16 ball lightnings (Depths:1)
  A leopard gecko (D:5)
  7 orcs
  2 briar patches (Abyss:4)
  8 fungi
  6 lurking horrors
  12 plants
  85 starspawn tentacles
  6 tentacles (Shoals:1)
225 creatures vanquished.

Grand Total: 3188 creatures vanquished

Notes
Turn   | Place    | Note
-------+----------+-------------------------------------------
     0 | D:1      | xccam the Formicid Fighter began the quest for the Orb.
     0 | D:1      | Reached XP level 1. HP: 18/18 MP: 1/1
   176 | D:1      | Reached XP level 2. HP: 17/24 MP: 2/2
   298 | D:1      | Reached skill level 3 in Maces & Flails
   315 | D:1      | Reached XP level 3. HP: 19/29 MP: 3/3
   849 | D:2      | Reached skill level 4 in Maces & Flails
   849 | D:2      | Reached XP level 4. HP: 26/35 MP: 4/4
   850 | D:2      | Found an ancient bone altar of Kikubaaqudgha.
   918 | D:2      | Found a bloodstained altar of Trog.
   990 | D:2      | Found a white marble altar of Elyvilon.
  1399 | D:3      | Reached skill level 5 in Maces & Flails
  1399 | D:3      | Reached XP level 5. HP: 31/41 MP: 5/5
  1545 | D:3      | Found a shadowy altar of Dithmenos.
  1557 | D:3      | Noticed Terence
  1573 | D:3      | Killed Terence
  1591 | D:3      | Found a hide-covered altar of Uskayaw.
  1594 | D:3      | Noticed a hand axe
  1594 | D:3      | Noticed a hand axe
  1705 | D:3      | Found a faded altar of an unknown god.
  1793 | D:3      | Noticed Sigmund
  1812 | D:3      | Killed Sigmund
  1812 | D:3      | Reached skill level 6 in Maces & Flails
  1812 | D:3      | Reached XP level 6. HP: 23/47 MP: 6/6
  1965 | D:3      | Noticed Grinder
  1997 | D:3      | Killed Grinder
  1997 | D:3      | Reached skill level 7 in Maces & Flails
  1997 | D:3      | Reached XP level 7. HP: 33/52 MP: 7/7
  2198 | D:4      | Reached skill level 8 in Maces & Flails
  2505 | D:4      | Reached skill level 5 in Shields
  2505 | D:4      | Reached XP level 8. HP: 58/58 MP: 8/8
  2553 | D:4      | Found a staircase to the Ecumenical Temple.
  2559 | Temple   | Entered the Ecumenical Temple
  2565 | Temple   | Became a worshipper of Cheibriados the Contemplative
  2660 | D:4      | Found a deep blue altar of Sif Muna.
  3182 | D:5      | Entered Level 5 of the Dungeon
  3432 | D:5      | Reached * piety under Cheibriados
  3501 | D:5      | Noticed Ijyb
  3514 | D:5      | Noticed Pikel
  3521 | D:5      | Killed Ijyb
  3546 | D:5      | Killed Pikel
  3546 | D:5      | Reached skill level 10 in Shields
  3546 | D:5      | Reached XP level 9. HP: 43/64 MP: 9/9
  3602 | D:5      | Noticed Duvessa
  3606 | D:5      | Noticed Dowan
  3620 | D:5      | Killed Duvessa
  3620 | D:5      | Reached skill level 1 in Dodging
  3630 | D:5      | Killed Dowan
  3678 | D:5      | Noticed Edmund
  3987 | D:5      | Found an opulent altar of Gozag.
  4111 | D:5      | Killed Edmund
  4265 | D:5      | Found Icelixt's Serpentskin Sales.
  4331 | D:6      | Reached ** piety under Cheibriados
  4385 | D:6      | Found an ancient bone altar of Kikubaaqudgha.
  4521 | D:6      | Reached skill level 5 in Fighting
  4521 | D:6      | Reached skill level 5 in Armour
  4537 | D:6      | Found a glowing drain.
  4552 | Sewer    | Entered a sewer
  4689 | Sewer    | Reached *** piety under Cheibriados
  4735 | Sewer    | Reached XP level 10. HP: 74/74 MP: 10/10
  4961 | D:6      | Found a shadowy altar of Dithmenos.
  5677 | D:7      | Found a radiant altar of Vehumet.
  5836 | D:7      | Reached **** piety under Cheibriados
  6378 | D:8      | Noticed a two-headed ogre
  6385 | D:8      | Killed a two-headed ogre
  6385 | D:8      | Reached skill level 5 in Dodging
  6391 | D:8      | Noticed a two-headed ogre
  6401 | D:8      | Killed a two-headed ogre
  6405 | D:8      | Noticed a two-headed ogre
  6418 | D:8      | Killed a two-headed ogre
  6418 | D:8      | Reached XP level 11. HP: 28/84 MP: 11/11
  6423 | D:8      | Reached ***** piety under Cheibriados
  6875 | D:8      | Noticed a two-headed ogre
  6885 | D:8      | Killed a two-headed ogre
  6885 | D:8      | Reached skill level 9 in Maces & Flails
  7155 | D:8      | Found a bloodstained altar of Trog.
  7280 | D:8      | Found a blossoming altar of Fedhas.
  7411 | D:9      | Found a staircase to the Orcish Mines.
  7589 | D:9      | Found Tamorako's Antique Armour Emporium.
  7593 | D:9      | Noticed Erolcha
  7610 | D:9      | Killed Erolcha
  7650 | D:9      | Reached ****** piety under Cheibriados
  7871 | D:9      | Noticed a two-headed ogre
  7880 | D:9      | Killed a two-headed ogre
  8107 | D:9      | Found a sacrificial altar of Ru.
  8290 | D:10     | Entered Level 10 of the Dungeon
  8305 | D:10     | Reached skill level 10 in Maces & Flails
  8327 | D:10     | Reached XP level 12. HP: 74/92 MP: 12/12
  8409 | D:10     | Found Zaaleost's Jewellery Shoppe.
  8413 | D:10     | Bought a +2 amulet of reflection for 120 gold pieces
  8670 | D:10     | Reached skill level 11 in Maces & Flails
  8958 | D:11     | Found a staircase to the Lair.
  9152 | D:11     | Noticed an eight-headed hydra
  9160 | D:11     | Killed an eight-headed hydra
  9743 | D:11     | Noticed a two-headed ogre
  9748 | D:11     | Killed a two-headed ogre
  9830 | D:11     | Reached skill level 12 in Maces & Flails
  9875 | Lair:1   | Entered Level 1 of the Lair of Beasts
  9875 | Lair:1   | Noticed Gastronok
  9890 | Lair:1   | Killed Gastronok
  9922 | Lair:1   | Noticed a seven-headed hydra
  9933 | Lair:1   | Killed a seven-headed hydra
  9933 | Lair:1   | Reached XP level 13. HP: 98/98 MP: 13/13
 10207 | Lair:1   | Noticed Nergalle
 10216 | Lair:1   | Killed Nergalle
 10216 | Lair:1   | Reached skill level 13 in Maces & Flails
 10235 | Lair:1   | You fall through a shaft!
 10326 | Lair:2   | Found a hole to the Spider Nest.
 10485 | Lair:2   | Noticed Sonja
 10494 | Lair:2   | Killed Sonja
 11154 | Lair:3   | Noticed a five-headed hydra
 11168 | Lair:3   | Killed a five-headed hydra
 11429 | Lair:3   | Reached skill level 10 in Armour
 11951 | Lair:4   | Noticed a seven-headed hydra
 11964 | Lair:4   | Killed a seven-headed hydra
 12007 | Lair:4   | Found a staircase to the Shoals.
 12016 | Lair:4   | Noticed an eight-headed hydra
 12022 | Lair:4   | Killed an eight-headed hydra
 12022 | Lair:4   | Reached skill level 14 in Maces & Flails
 12022 | Lair:4   | Reached XP level 14. HP: 84/108 MP: 14/14
 12034 | Lair:4   | Reached skill level 10 in Dodging
 12542 | Lair:5   | Reached skill level 10 in Fighting
 12597 | Lair:5   | Noticed Kirke
 12620 | Lair:5   | Killed Kirke
 12854 | Lair:5   | Found a staircase to the Slime Pits.
 13065 | Lair:6   | Entered Level 6 of the Lair of Beasts
 13962 | Lair:6   | Noticed a dire elephant
 13962 | Lair:6   | Noticed a dire elephant
 13976 | Lair:6   | Killed a dire elephant
 13995 | Lair:6   | Killed a dire elephant
 14112 | Lair:6   | Noticed a dire elephant
 14130 | Lair:6   | Killed a dire elephant
 14377 | Lair:6   | Noticed a dire elephant
 14394 | Lair:6   | Killed a dire elephant
 14417 | Lair:6   | Noticed a dire elephant
 14509 | Lair:6   | Killed a dire elephant
 14528 | Lair:6   | Noticed a dire elephant
 14543 | Lair:6   | Killed a dire elephant
 14543 | Lair:6   | Reached XP level 15. HP: 97/117 MP: 18/18
 14702 | Lair:6   | Reached skill level 5 in Invocations
 15043 | D:9      | Bought an ichor-stained plate armour for 560 gold pieces
 15053 | D:9      | Identified the +3 plate armour of Vehumet's Castigation {Int-3 Dex+4} (You bought it in a shop on level 9 of the Dungeon)
 15069 | Orc:1    | Entered Level 1 of the Orcish Mines
 15368 | Orc:2    | Entered Level 2 of the Orcish Mines
 15513 | Orc:1    | Found a roughly hewn altar of Beogh.
 16493 | Orc:2    | Found Warumi's Book Shop.
 16493 | Orc:2    | Found Qoidghado's Assorted Antiques.
 16495 | Orc:2    | Found Ofedweh's Magic Scroll Emporium.
 16497 | Orc:2    | Found Hicyrph's Jewellery Boutique.
 16657 | Orc:2    | Found a staircase to the Elven Halls.
 16687 | Orc:2    | Found a roughly hewn altar of Beogh.
 16930 | Orc:2    | Bought a scroll of brand weapon for 260 gold pieces
 17116 | Spider:1 | Entered Level 1 of the Spider Nest
 17716 | Spider:1 | Noticed Donald
 17730 | Spider:1 | Killed Donald
 18335 | Spider:1 | Noticed an emperor scorpion
 18358 | Spider:1 | Killed an emperor scorpion
 18904 | Spider:2 | Reached skill level 10 in Invocations
 19006 | Spider:2 | Noticed Arachne
 19049 | Spider:2 | Reached XP level 16. HP: 66/126 MP: 21/23
 19064 | Spider:2 | Killed Arachne
 21517 | Spider:4 | Entered Level 4 of the Spider Nest
 22354 | Spider:4 | Reached XP level 17. HP: 103/135 MP: 25/25
 23229 | Spider:4 | Got a gossamer rune of Zot
 23761 | D:12     | Noticed Fannar
 23789 | D:12     | Killed Fannar
 23843 | D:12     | Noticed Frances
 23855 | D:12     | Killed Frances
 24024 | D:12     | Reached skill level 15 in Maces & Flails
 24245 | D:13     | Found a gate to the Vaults.
 24569 | D:13     | Reached skill level 16 in Maces & Flails
 25354 | D:14     | Reached XP level 18. HP: 139/143 MP: 27/27
 25375 | D:14     | Found Titizir's Food Emporium.
 25628 | D:14     | Found a bloodstained altar of Trog.
 25792 | D:14     | Noticed Agnes
 25805 | D:14     | Killed Agnes
 26111 | D:15     | Entered Level 15 of the Dungeon
 26289 | D:15     | Reached skill level 17 in Maces & Flails
 26811 | D:15     | Found a staircase to the Depths.
 27027 | Vaults:1 | Entered Level 1 of the Vaults
 27406 | Vaults:1 | Noticed Asterion
 27419 | Vaults:1 | Killed Asterion
 27496 | Vaults:1 | Reached skill level 18 in Maces & Flails
 27529 | Vaults:1 | Noticed a Hell Sentinel
 27532 | Vaults:1 | Noticed a Brimstone Fiend
 28112 | Vaults:1 | Reached XP level 19. HP: 149/149 MP: 28/28
 28211 | Vaults:1 | Reached skill level 19 in Maces & Flails
 28871 | Shoals:1 | Entered Level 1 of the Shoals
 29837 | Shoals:1 | Reached skill level 20 in Maces & Flails
 30155 | Shoals:2 | Noticed Polyphemus
 30173 | Shoals:2 | Killed Polyphemus
 30707 | Shoals:3 | Got a crude ivory amulet
 30724 | Shoals:3 | Identified the amulet of Sokharph {RegenMP rF+ MR+ Dex+5} (You found it on level 3 of the Shoals)
 31276 | Shoals:4 | Entered Level 4 of the Shoals
 31315 | Shoals:4 | Reached XP level 20. HP: 133/160 MP: 29/29
 31351 | Shoals:4 | Noticed Ilsuiw
 31365 | Shoals:4 | Killed Ilsuiw
 31365 | Shoals:4 | Reached skill level 15 in Dodging
 31543 | Shoals:4 | Reached skill level 15 in Fighting
 31882 | Shoals:4 | Got a barnacled rune of Zot
 31971 | Shoals:4 | Found the +3 robe of Folly {Archmagi, MR-- Int+5}
 32161 | Shoals:4 | Noticed Sergey's ghost (journeyman VSIE)
 32168 | Shoals:4 | Killed Sergey's ghost
 33312 | Vaults:2 | Found Ekennopa's Antique Armour Shop.
 33338 | Vaults:2 | Noticed Mara
 33341 | Vaults:2 | Noticed xccam's illusion
 33351 | Vaults:2 | Killed Mara
 33387 | Vaults:2 | Found a magical portal.
 33429 | WizLab   | Entered Zonguldrok's Shrine
 33642 | WizLab   | Reached XP level 21. HP: 168/174 MP: 30/30
 33679 | WizLab   | Noticed an antique lich
 33680 | WizLab   | Killed an antique lich
 33681 | WizLab   | Found the +9 sword of Zonguldrok {reap}
 34065 | Vaults:2 | Found a staircase to the Crypt.
 34315 | Vaults:2 | Noticed Margery
 34330 | Vaults:2 | Killed Margery
 34842 | Vaults:2 | Identified a scroll of acquirement
 34845 | Vaults:2 | Got a crude gossamer ring
 34846 | Vaults:2 | Identified the ring of Wiloy {Wiz Slay+2 Stlth+} (You acquired it on level 2 of the Vaults)
 35214 | Vaults:3 | Found Daxzeath's Distillery.
 35313 | Vaults:3 | Bought a potion of mutation for 96 gold pieces
 35321 | Vaults:3 | Gained mutation: You are frail. (-10% HP) [potion of mutation]
 35321 | Vaults:3 | Gained mutation: You are partially covered in molten scales. (AC +2) [potion of mutation]
 35321 | Vaults:3 | Gained mutation: Your flesh is cold resistant. (rC+) [potion of mutation]
 35322 | Vaults:3 | Lost mutation: You are frail. (-10% HP) [potion of mutation]
 35322 | Vaults:3 | Lost mutation: You are partially covered in molten scales. (AC +2) [potion of mutation]
 35322 | Vaults:3 | Gained mutation: You are robust. (+10% HP) [potion of mutation]
 35322 | Vaults:3 | Gained mutation: You are partially covered in thin metallic scales. (AC +2) [potion of mutation]
 35322 | Vaults:3 | Gained mutation: You are partially covered in rugged brown scales. (AC +1, +3% HP) [potion of mutation]
 36351 | Vaults:3 | Reached XP level 22. HP: 206/206 MP: 31/31
 37860 | Vaults:5 | Entered Level 5 of the Vaults
 37870 | Vaults:5 | Noticed a golden dragon
 38255 | Vaults:4 | Reached skill level 15 in Armour
 38384 | Vaults:5 | Killed a golden dragon
 38408 | Vaults:5 | Noticed Saint Roka
 39670 | Vaults:5 | Noticed a golden dragon
 39845 | Vaults:5 | Noticed a golden dragon
 40353 | Vaults:4 | Killed a golden dragon
 40353 | Vaults:4 | Reached XP level 23. HP: 182/214 MP: 33/33
 40670 | Vaults:4 | Killed a golden dragon
 41155 | Vaults:5 | Noticed a golden dragon
 41562 | Vaults:4 | Reached skill level 21 in Maces & Flails
 42435 | Vaults:5 | Reached skill level 15 in Invocations
 42498 | Vaults:5 | Noticed an ancient lich
 42501 | Vaults:5 | Noticed an ancient lich
 42517 | Vaults:4 | Got a warped golden amulet
 42525 | Vaults:4 | Identified the amulet of Duellot {Acrobat Str+2} (You took it off a hell knight on level 4 of the Vaults)
 42526 | Vaults:4 | Got a brightly glowing granite ring
 42527 | Vaults:4 | Identified the ring of Oburitod {*Slow rF- rN+++ AC+2 Stlth+} (You took it off a frost giant on level 4 of the Vaults)
 43056 | Vaults:4 | Killed an ancient lich
 43393 | Vaults:4 | Killed Saint Roka
 43395 | Vaults:4 | Killed a golden dragon
 43395 | Vaults:4 | Reached XP level 24. HP: 81/226 MP: 27/34
 43772 | Vaults:5 | Killed an ancient lich
 43772 | Vaults:5 | Reached skill level 15 in Shields
 43850 | Vaults:5 | Got a sparkling jade ring
 43899 | Vaults:5 | Identified the cursed ring of Etar {rN+ Dex-3} (You found it on level 5 of the Vaults)
 43908 | Vaults:5 | Got a pair of ancient gloves
 43919 | Vaults:5 | Identified the +3 pair of gloves "Piseepa" {+Fly rElec rC- rN+} (You acquired it on level 5 of the Vaults)
 44245 | Vaults:5 | Identified the Disquisition on Battle Magic and the Glacier
 44495 | Vaults:5 | Got a silver rune of Zot
 44711 | Vaults:5 | Identified The Arcane Secrets of Theurgy
 45069 | Depths:1 | Entered Level 1 of the Depths
 45604 | Depths:1 | Got a jewelled plate armour
 45605 | Depths:1 | Identified the +6 plate armour "Desm" {+Fly Str+2 Int+2} (You found it on level 1 of the Depths)
 45870 | Depths:1 | Found Liheg's Jewellery Shoppe.
 45870 | Depths:1 | Found Jaumad's Gadget Shop.
 45871 | Depths:1 | Found Hoetieka's Gadget Shop.
 45988 | Depths:1 | Found a gateway to Hell.
 46933 | Depths:2 | Found a one-way gate leading to the halls of Pandemonium.
 47716 | Depths:3 | Got a transparent tin amulet
 47717 | Depths:3 | Identified the amulet of Pantheism {rN+ Regen+ Str+2 SInv} (You acquired it on level 3 of the Depths)
 47750 | Depths:3 | Reached skill level 22 in Maces & Flails
 47750 | Depths:3 | Reached XP level 25. HP: 211/235 MP: 35/35
 47959 | Depths:3 | Found a gateway to a ziggurat.
 48018 | Depths:3 | Found a one-way gate to the infinite horrors of the Abyss.
 48299 | Depths:3 | Identified the Compendium of Scorching Flight
 48469 | Depths:3 | Voluntarily entered the Abyss.
 49532 | Abyss:3  | Gained mutation: Your spells are a little harder to cast, but a little more powerful. [a neqoxec]
 49927 | Abyss:3  | Noticed an ancient lich
 49937 | Abyss:3  | Killed an ancient lich
 50194 | Abyss:3  | Reached XP level 26. HP: 246/246 MP: 35/35
 50454 | Abyss:3  | Reached skill level 23 in Maces & Flails
 50872 | Abyss:3  | Lost mutation: Your spells are a little harder to cast, but a little more powerful. [a shining eye]
 50891 | Abyss:3  | Got a brightly glowing turquoise ring
 50899 | Abyss:3  | Identified the ring of Simemm {rF+ MR+ MP+9 Int+6} (You found it on level 3 of the Abyss)
 51049 | Abyss:3  | Found a corrupted altar of Lugonu.
 51183 | Abyss:3  | Found a corrupted altar of Lugonu.
 51673 | Abyss:4  | Got an abyssal rune of Zot
 51909 | Abyss:4  | Lost mutation: You are robust. (+10% HP) [a neqoxec]
 52101 | Abyss:4  | Reached XP level 27. HP: 171/232 MP: 36/36
 52956 | Abyss:4  | Found a corrupted altar of Lugonu.
 53098 | Abyss:4  | Found a shattered altar of Ashenzari.
 53181 | Abyss:4  | Gained mutation: You are dopey. (Int -2) [a neqoxec]
 53614 | Abyss:4  | Gained mutation: Your spells are a little easier to cast, but a little less powerful. [a neqoxec]
 53667 | Abyss:5  | Entered Level 5 of the Abyss
 53916 | Depths:3 | Escaped the Abyss
 54230 | Slime:1  | Entered Level 1 of the Pits of Slime
 54235 | Slime:1  | Gained mutation: You are agile. (Dex +2) [a shining eye]
 54236 | Slime:1  | Gained mutation: Your body sometimes deteriorates upon taking damage. [a shining eye]
 54245 | Slime:1  | Lost mutation: Your spells are a little easier to cast, but a little less powerful. [potion of mutation]
 54245 | Slime:1  | Lost mutation: Your flesh is cold resistant. (rC+) [potion of mutation]
 54245 | Slime:1  | Lost mutation: You are partially covered in rugged brown scales. (AC +1, +3% HP) [potion of mutation]
 54245 | Slime:1  | Gained mutation: Your body often deteriorates upon taking damage. [potion of mutation]
 54245 | Slime:1  | Gained mutation: You are resistant to hostile enchantments. (MR+) [potion of mutation]
 54246 | Slime:1  | Lost mutation: You are dopey. (Int -2) [potion of mutation]
 54246 | Slime:1  | Lost mutation: You are agile. (Dex +2) [potion of mutation]
 54246 | Slime:1  | Gained mutation: Your skin changes colour to match your surroundings (Stealth+). [potion of mutation]
 54261 | Slime:1  | Gained mutation: You are clumsy. (Dex -2) [a shining eye]
 54264 | Slime:1  | Gained mutation: Scrolls take you a little longer to read. [a shining eye]
 54904 | Slime:2  | Lost mutation: You are partially covered in thin metallic scales. (AC +2) [a shining eye]
 54906 | Slime:2  | Gained mutation: You occasionally shout uncontrollably at your foes. [a shining eye]
 54907 | Slime:2  | Gained mutation: You are dopey. (Int -2) [a shining eye]
 54975 | Slime:2  | Gained mutation: Armour fits poorly on your strangely shaped body. [a shining eye]
 54977 | Slime:2  | Gained mutation: Your magical capacity is low. (-10% MP) [a shining eye]
 54978 | Slime:2  | Gained mutation: You are very clumsy. (Dex -4) [a shining eye]
 54982 | Slime:2  | Gained mutation: You are frail. (-10% HP) [a shining eye]
 55015 | Slime:2  | Lost mutation: You occasionally shout uncontrollably at your foes. [potion of mutation]
 55015 | Slime:2  | Lost mutation: You are very clumsy. (Dex -4) [potion of mutation]
 55015 | Slime:2  | Lost mutation: Armour fits poorly on your strangely shaped body. [potion of mutation]
 55015 | Slime:2  | Lost mutation: Your magical capacity is low. (-10% MP) [potion of mutation]
 55015 | Slime:2  | Gained mutation: You passively map a small area around you. [potion of mutation]
 55015 | Slime:2  | Gained mutation: You are partially covered in iridescent scales. (AC +2) [potion of mutation]
 55015 | Slime:2  | Lost mutation: You are clumsy. (Dex -2) [potion of mutation]
 55213 | Slime:3  | Gained mutation: Potions are less effective at restoring your health. [a shining eye]
 55217 | Slime:3  | Gained mutation: You are very frail. (-20% HP) [a shining eye]
 55614 | Slime:3  | Lost mutation: You are dopey. (Int -2) [potion of mutation]
 55614 | Slime:3  | Lost mutation: You are very frail. (-20% HP) [potion of mutation]
 55614 | Slime:3  | Lost mutation: You are frail. (-10% HP) [potion of mutation]
 55614 | Slime:3  | Lost mutation: Your body often deteriorates upon taking damage. [potion of mutation]
 55614 | Slime:3  | Lost mutation: Your body sometimes deteriorates upon taking damage. [potion of mutation]
 55614 | Slime:3  | Gained mutation: You are partially covered in slimy green scales. (AC +2) [potion of mutation]
 55614 | Slime:3  | Gained mutation: You expend magic power (3 MP) to strengthen your wands. [potion of mutation]
 56274 | Slime:5  | Entered Level 5 of the Pits of Slime
 56346 | Slime:5  | Noticed the Royal Jelly
 56359 | Slime:5  | Killed the Royal Jelly
 56680 | Slime:5  | Found the amulet of Vitality {Regen+ HP+15}
 56690 | Slime:5  | Got a slimy rune of Zot
 56732 | Slime:5  | Identified the Collected Works on Unholy Contamination
 56803 | Slime:5  | Identified Sif Muna's Almanac of the Supportive Volcanoes
 57331 | Lair:1   | Got a slimy shield
 57342 | Lair:1   | Identified the +0 shield of Sorcery {rF- Str+8 Int+3 SInv} (You acquired it on level 1 of the Lair of Beasts)
 57538 | Pan      | Entered Pandemonium
 58071 | Pan      | Entered the realm of Mnoleg.
 58071 | Pan      | Noticed Mnoleg
 58073 | Pan      | Got a glowing rune of Zot
 58075 | Pan      | Gained mutation: You occasionally shout uncontrollably at your foes. [a cacodemon]
 58083 | Pan      | Gained mutation: Scrolls take you longer to read. [a cacodemon]
 58101 | Pan      | Killed Mnoleg
 58109 | Pan      | Gained mutation: You are frail. (-10% HP) [a cacodemon]
 58120 | Pan      | Gained mutation: Armour fits poorly on your strangely shaped body. [a neqoxec]
 58267 | Pan      | Gained mutation: Potions are poor at restoring your health. [a neqoxec]
 58270 | Pan      | Gained mutation: Your flesh is heat resistant. (rF+) [a cacodemon]
 58337 | Pan      | Gained mutation: Your magical capacity is low. (-10% MP) [a neqoxec]
 58428 | Pan      | Gained mutation: Your spells are a little easier to cast, but a little less powerful. [a cacodemon]
 58432 | Pan      | Gained mutation: You are weak. (Str -2) [a neqoxec]
 58528 | Pan      | Gained mutation: You are very frail. (-20% HP) [a cacodemon]
 58532 | Pan      | Reached skill level 24 in Maces & Flails
 58976 | Pan      | Noticed Fingolfin's ghost (legendary NaWn)
 58998 | Pan      | Killed Fingolfin's ghost
 58999 | Pan      | Lost mutation: Scrolls take you longer to read. [potion of mutation]
 58999 | Pan      | Lost mutation: Armour fits poorly on your strangely shaped body. [potion of mutation]
 58999 | Pan      | Lost mutation: Scrolls take you a little longer to read. [potion of mutation]
 58999 | Pan      | Lost mutation: You are resistant to hostile enchantments. (MR+) [potion of mutation]
 58999 | Pan      | Lost mutation: Potions are poor at restoring your health. [potion of mutation]
 58999 | Pan      | Lost mutation: You are very frail. (-20% HP) [potion of mutation]
 59217 | Pan      | Noticed Tasommye the pandemonium lord
 59227 | Pan      | Killed Tasommye the pandemonium lord
 59528 | Pan      | Noticed Jupnoiw the pandemonium lord
 59542 | Pan      | Killed Jupnoiw the pandemonium lord
 59740 | Pan      | Noticed Qumycw the pandemonium lord
 59751 | Pan      | Killed Qumycw the pandemonium lord
 60002 | Pan      | Gained mutation: Potions are poor at restoring your health. [a neqoxec]
 60223 | Pan      | Noticed Iwnop the pandemonium lord
 60257 | Pan      | HP: 7/212 [Hell Sentinel's spines (12)]
 60257 | Pan      | Killed from afar by a hellion

Vault maps used:
D:1:      dpeg_arrival_arbitrary_c, kennysheep_decorative_pillar
D:2:      lemuel_coloured_pillars_altar, kiku_gazebo_pond_becter,
          trog_butcher_becter
D:3:      dancing_weapons_uskayaw, chequers_ecumenical_altar_simple,
          roderic_lattice_a, grunt_dithmenos_smoke_and_mirrors, uniq_terence,
          uniq_grinder, uniq_sigmund
D:4:      led_sif_book, minmay_temple_entry_hall, serial_undead,
          serial_undead_b, serial_undead_c, serial_undead_a, serial_undead_f,
          first_ration
D:5:      kennysheep_little_box, guppyfry_shop_venom, uniq_duvessa, uniq_pikel,
          uniq_edmund, uniq_ijyb
D:6:      overflow_temple_1_default, basic_altar, portal_sewer_entry_f
D:7:      basic_altar
D:8:      bloody_trog, kennysheep_mini_moat
D:9:      lemuel_ice_spiral_2, hiddenorc2_lemuel, serial_shops, shop,
          basic_altar, uniq_erolcha
D:10:     serial_shops, shop
D:11:     lair_entry_dummy
D:12:     uniq_frances, uniq_fannar
D:13:     david_vaults_3, grunt_pizzeria
D:14:     serial_shops, shop, basic_altar, hangedman_decor_push,
          minmay_three_doors, uniq_agnes
D:15:     grunt_enter_depths_snipers, hangedman_decor_cross_pass
Temple:   zaba_magenta_temple
Lair:1:   uniq_nergalle, uniq_gastronok
Lair:2:   spider_nest_entry_webs, minmay_stone_trees_small, uniq_sonja
Lair:3:   beast_lair_carwin_1
Lair:4:   elwin_shoals_entry_rocks
Lair:5:   slime_dummy, serial_bayou_shore_b, uniq_kirke
Lair:6:   due_jungle_book
Shoals:2: uniq_polyphemus
Shoals:4: shoals_end_hangedman, shoals_ilsuiw_ice
Spider:1: guppyfry_spider_mini_1, uniq_donald
Spider:2: uniq_arachne
Spider:4: grunt_spider_rune_parallel, nicolae_spider_webbed_stairs
Slime:1:  cheibrodos_slime_lost_civilization_5
Slime:2:  cheibrodos_slime_lost_civilization_7
Slime:3:  cheibrodos_slime_lost_civilization_6
Orc:1:    nicolae_orc_lost_temple
Orc:2:    st_orc_rangers, basic_altar, statue_in_the_mist_lemuel,
          guppyfry_library_mini
Vaults:1: st_cells, v_misc_12, v_misc_25, ontoclasm_vaults_claustrophobia,
          nicolae_vaults_angled_halls, v_rooms_5, grunt_vaults_twisty,
          nicolae_vaults_circle_grid_a, nicolae_vaults_network_s,
          hangedman_vaults_cutoff, dpeg_vaults_monster_box,
          nicolae_vaults_shelves_hall, v_misc_14, nicolae_vaults_asterisk,
          uniq_asterion
Vaults:2: hangedman_vaults_capsules, v_pattern_5,
          minmay_crypt_entry_skeletal_spiral, v_alt_pattern_3, v_misc_24,
          nicolae_vaults_theta, v_misc_14, nicolae_vaults_what_the_h,
          ontoclasm_vaults_chip, vaults_room_door_ring, vaults_room_semicircle,
          v_misc_32, serial_ice_g, mu_enter_wizlab_5, serial_shops, shop,
          uniq_margery, uniq_mara
Vaults:3: v_misc_18, hangedman_vaults_locks, nicolae_vaults_little_squares_1,
          hangedman_vaults_maws, nicolae_vaults_little_squares_3, v_misc_27,
          vaults_room_semicircle, nicolae_vaults_gold_heap,
          ontoclasm_vaults_twist, serial_shops, shop
Vaults:4: vaults_room_corners, v_misc_30, ontoclasm_vaults_hangar,
          ontoclasm_vaults_pinch, hangedman_vaults_pinch, v_misc_22,
          nicolae_vaults_circle_grid_b, nicolae_vaults_circle_grid_b,
          v_alt_pattern_2, nicolae_vaults_shelves_hall, vaults_room_pool,
          vaults_dpeg_diagonal, v_misc_13, v_alt_pattern_4,
          nicolae_vaults_diagonal_hallway_7, vaults_room_door_ring,
          nicolae_vaults_ring_of_whatevers, v_misc_17
Vaults:5: serial_shops, uniq_saint_roka
Depths:1: glass_columns_b, grunt_hell_entry_dis_mu, minmay_gold_behind_fungi,
          aerie_lemuel, serial_bayou_shore_a, minmay_shop_grove
Depths:2: evilmike_horseshoe, minivault_11, rand_demon_pan_entry_5, hell_entry,
          infiniplex_staircase_spiral_double
Depths:3: cheibrodos_lost_city_excavation, enter_ziggurat_d,
          rand_demon_pan_entry_7, abyss_entry_crystal, hell_entry,
          roderic_lattice_octagonal_star
Abyss:2:  minivault_4, minivault_26
Abyss:4:  grunt_abyss_rune_forest_and_sorcery
Abyss:5:  evilmike_abyss_exit_5, minivault_23,
          hangedman_abyss_or_decor_jellyfish_corner, minivault_27, minivault_28
Pan:      rand_demon_8, evilmike_mini_pan_V, mnoleg_st, rand_demon_5,
          rand_demon_2, evilmike_mini_pan_possible_glass, pan_blood_fountain,
          pan_blood_fountain_small, grunt_pan_zigzag, uniq_mennas_pan,
          pan_blood_fountain_small, nicolae_pan_mnolegish_5,
          evilmike_mini_pan_doors, nicolae_pan_sigil_obb,
          nicolae_pan_cerebovesque_3, evilmike_mini_pan_corridor,
          pan_blood_fountain_small, evilmike_mini_pan_3x3, pan_blood_fountain,
          uniq_mennas_pan
Sewer:    sewer_co_15_rooms
WizLab:   wizlab_zonguldrok

Skill      XL: |  1  2  3  4  5  6  7  8  9 10 11 12 13 14 15 16 17 18 19 20 21 22 23 24 25 26 27 |
---------------+----------------------------------------------------------------------------------+-----
Maces & Flails | 3 4 5 6 7 8 10 12 14 16 18 20 21 22 23 24 | 24.5
Shields        | 5 10 11 12 13 14 15 16 | 16.6
Dodging        | 3 5 7 9 10 11 13 14 16 17 18 19 21 | 21.3
Fighting       | 5 7 8 9 10 11 12 13 14 17 18 19 20 23 | 23.4
Armour         | 5 7 9 10 11 12 13 14 15 16 17 18 21 | 21.6
Invocations    | 4 10 11 12 13 14 15 16 17 18 21 | 21.0

Action                   |  1- 3 |  4- 6 |  7- 9 | 10-12 | 13-15 | 16-18 | 19-21 | 22-24 | 25-27 || total
-------------------------+-------+-------+-------+-------+-------+-------+-------+-------+-------++-------
Melee: Flail             |    67 |   136 |   198 |       |       |       |       |       |       ||   401
       Whip              |       |       |   218 |   202 |       |       |       |       |       ||   420
       Dire flail        |       |       |       |   587 |  1296 |   713 |       |       |       ||  2596
       Great mace        |       |       |       |       |       |   551 |  1173 |  1035 |  3293 ||  6052
Invok: Temporal Distorti |       |       |       |       |     5 |       |       |     2 |     1 ||     8
       Bend Time         |       |       |       |       |     1 |       |       |     2 |     1 ||     4
       Slouch            |       |       |       |       |       |    11 |     5 |     5 |    32 ||    53
       Step From Time    |       |       |       |       |       |     1 |       |     4 |     7 ||    12
 Abil: Dig               |       |       |     4 |     4 |     1 |     2 |       |     1 |       ||    12
Evoke: Wand              |       |       |     2 |    10 |    16 |    23 |     5 |     8 |    18 ||    82
  Use: Potion            |       |     1 |       |       |     3 |     3 |     2 |     7 |    25 ||    41
       Scroll            |       |       |     4 |    11 |    14 |    13 |    11 |    11 |    15 ||    79
 Stab: Paralysed         |       |       |       |     4 |       |       |       |       |       ||     4
       Invisible         |       |       |       |       |       |    16 |       |       |     1 ||    17
       Petrified         |       |       |       |       |       |       |     9 |       |       ||     9
       Distracted        |       |       |       |       |       |       |       |       |     2 ||     2
  Eat: Chunk             |       |     4 |     4 |     8 |    11 |    12 |    14 |    11 |     4 ||    68
       Ration            |       |       |     1 |     1 |     3 |     2 |     1 |     3 |     9 ||    20
Armor: Scale mail        |    33 |    49 |   108 |   149 |   170 |       |       |       |       ||   509
       Chain mail        |       |       |       |       |    85 |   216 |       |       |       ||   301
       Plate armour      |       |       |       |       |    63 |   131 |   234 |   320 |   487 ||  1235
Dodge: Dodged            |    13 |    37 |   121 |   289 |   741 |   896 |   688 |   640 |  1809 ||  5234
       Deflected         |       |       |       |       |       |       |    14 |       |       ||    14
Block: Shield            |    33 |    66 |   189 |   558 |  1146 |  1323 |  1091 |     4 |       ||  4410
       Reflection        |       |       |       |     6 |    53 |    61 |   162 |    79 |       ||   361
       Large shield      |       |       |       |       |       |       |       |  1368 |  4000 ||  5368

Table legend:
 A = Spawn XP
 B = Non-spawn XP
 C = Spawn XP percentage of total XP
 D = Spawn monster count
 E = Non-spawn monster count
 F = Spawn count percentage of total count
 G = Total turns spent on level
                    A         B        C        D         E        F      G
               +---------+---------+-------+---------+---------+-------+---------
         Total |  273468 | 1322465 |  17.1 |     479 |    2476 |  16.2 | 60257
               +---------+---------+-------+---------+---------+-------+---------
           D:1 |       0 |      35 |   0.0 |       0 |      14 |   0.0 |   677
           D:2 |       0 |      77 |   0.0 |       0 |      17 |   0.0 |   507
           D:3 |       0 |     705 |   0.0 |       0 |      27 |   0.0 |   961
           D:4 |       0 |     444 |   0.0 |       0 |      30 |   0.0 |  1064
           D:5 |       0 |    1953 |   0.0 |       0 |      30 |   0.0 |  1076
           D:6 |       0 |    1035 |   0.0 |       0 |      27 |   0.0 |   759
           D:7 |       0 |    1247 |   0.0 |       0 |      29 |   0.0 |   952
           D:8 |       0 |    4716 |   0.0 |       0 |      40 |   0.0 |  1026
           D:9 |       0 |    3841 |   0.0 |       0 |      56 |   0.0 |  1090
          D:10 |       0 |    4057 |   0.0 |       0 |      42 |   0.0 |   790
          D:11 |       0 |    5391 |   0.0 |       0 |      35 |   0.0 |   976
          D:12 |       0 |    8335 |   0.0 |       0 |      21 |   0.0 |   782
          D:13 |       0 |   18559 |   0.0 |       0 |      52 |   0.0 |  1140
          D:14 |       0 |   15361 |   0.0 |       0 |      34 |   0.0 |   893
          D:15 |       0 |   13298 |   0.0 |       0 |      39 |   0.0 |  1006
        Lair:1 |       0 |    6547 |   0.0 |       0 |      14 |   0.0 |   634
        Lair:2 |       0 |    5014 |   0.0 |       0 |      16 |   0.0 |   784
        Lair:3 |       0 |    4848 |   0.0 |       0 |      20 |   0.0 |   747
        Lair:4 |       0 |    6616 |   0.0 |       0 |      22 |   0.0 |   679
        Lair:5 |       0 |   11077 |   0.0 |       0 |      35 |   0.0 |   926
        Lair:6 |       0 |   17600 |   0.0 |       0 |      36 |   0.0 |  1844
      Shoals:1 |       0 |   18367 |   0.0 |       0 |      36 |   0.0 |  1239
      Shoals:2 |       0 |   19800 |   0.0 |       0 |      35 |   0.0 |   636
      Shoals:3 |       0 |    9805 |   0.0 |       0 |      19 |   0.0 |   606
      Shoals:4 |       0 |   40788 |   0.0 |       0 |      69 |   0.0 |  1502
      Spider:1 |       0 |   14886 |   0.0 |       0 |      34 |   0.0 |  1640
      Spider:2 |       0 |   19780 |   0.0 |       0 |      45 |   0.0 |  1390
      Spider:3 |       0 |   18522 |   0.0 |       0 |      49 |   0.0 |  1465
      Spider:4 |       0 |   37195 |   0.0 |       0 |      92 |   0.0 |  1771
       Slime:1 |       0 |    9076 |   0.0 |       0 |      20 |   0.0 |   557
       Slime:2 |       0 |   11995 |   0.0 |       0 |      24 |   0.0 |   449
       Slime:3 |       0 |   22050 |   0.0 |       0 |      46 |   0.0 |   508
       Slime:4 |       0 |   30517 |   0.0 |       0 |      48 |   0.0 |   814
       Slime:5 |       0 |   47041 |   0.0 |       0 |      34 |   0.0 |   660
         Orc:1 |       0 |    2616 |   0.0 |       0 |      23 |   0.0 |   548
         Orc:2 |       0 |    8858 |   0.0 |       0 |      96 |   0.0 |  1471
      Vaults:1 |       0 |   53726 |   0.0 |       0 |      77 |   0.0 |  1871
      Vaults:2 |       0 |   75093 |   0.0 |       0 |     120 |   0.0 |  1792
      Vaults:3 |       0 |   34221 |   0.0 |       0 |      58 |   0.0 |  1624
      Vaults:4 |       0 |  159850 |   0.0 |       0 |     142 |   0.0 |  6806
      Vaults:5 |       0 |   56243 |   0.0 |       0 |      44 |   0.0 |  1235
      Depths:1 |       0 |   30409 |   0.0 |       0 |      65 |   0.0 |  1034
      Depths:2 |       0 |   56339 |   0.0 |       0 |      59 |   0.0 |  1593
      Depths:3 |      28 |   35719 |   0.1 |       1 |      44 |   2.2 |   896
       Abyss:1 |    5039 |    4338 |  53.7 |       7 |      13 |  35.0 |   350
       Abyss:2 |   17847 |   11427 |  61.0 |      40 |      32 |  55.6 |   629
       Abyss:3 |   60609 |   62852 |  49.1 |     116 |     118 |  49.6 |  2102
       Abyss:4 |  154651 |   54188 |  74.1 |     258 |     112 |  69.7 |  2117
       Abyss:5 |   19161 |    3400 |  84.9 |      25 |       9 |  73.5 |   249
           Pan |   16133 |  222514 |   6.8 |      32 |     223 |  12.5 |  2719
         Sewer |       0 |     174 |   0.0 |       0 |      19 |   0.0 |   287
        WizLab |       0 |   19920 |   0.0 |       0 |      35 |   0.0 |   373
               +---------+---------+-------+---------+---------+-------+---------
